 Dungeon Crawl Stone Soup version 0.24.0-13-gcf9b3192b9 (webtiles) character file.

Game seed: 3079458584945595562, levelgen mode: deterministic

3208 Mesmaeker13 the Ducker (level 9, 0/55 HPs)
             Began as a Grey Draconian Wizard on Nov 7, 2019.
             Was a Follower of Hepliaklqana.
             Slain by an orc knight
             ... wielding a +0 trident
              (12 damage)
             ... in a bailey.
             The game lasted 00:19:37 (10117 turns).

Mesmaeker13 the Ducker (Grey Draconian Wizard)     Turns: 10117, Time: 00:19:37

Health: 0/55       AC: 14    Str: 11    XL:     9   Next: 65%
Magic:  5/15       EV: 15    Int: 19    God:    Hepliaklqana [*.....]
Gold:   412        SH:  6    Dex: 11    Spells: 7/16 levels left

rFire    . . .     SeeInvis +   E - +1 long sword (slice)
rCold    . . .     Gourm    .   s - +2 buckler
rNeg     . . .     Faith    .   (armour unavailable)
rPois    .         Spirit   .   a - +0 hat
rElec    .         Reflect  .   d - +0 cloak
rCorr    .         Harm     .   (no gloves)
MR       .....                  y - +0 pair of boots
Stlth    ++........             H - amulet of magic regeneration
HPRegen  0.18/turn              u - ring of see invisible
MPRegen  0.39/turn              (no ring)

@: no status effects
A: walk through water, unfitting armour, reduced essence, unbreathing,
cold-blooded, AC +12
a: Recall Ancestor, Ancestor Identity, Renounce Religion


You were in a bailey.
You worshipped Hepliaklqana.
Hepliaklqana was aware of your devotion.
You were not hungry.

You visited 1 branch of the dungeon, and saw 7 of its levels.
You also visited: Sewer and Bailey.

You collected 412 gold pieces.

Inventory:

Hand Weapons
 E - a +1 long sword of slicing (weapon)
Armour
 a - a +0 hat (worn)
 d - a +0 cloak (worn)
 r - a +0 shield
 s - a +2 buckler (worn)
 w - a cursed +0 helmet
 y - a +0 pair of boots (worn)
Jewellery
 f - an uncursed ring of flight
 n - a +6 amulet of reflection {unknown}
 u - a ring of see invisible (left hand)
 D - an uncursed ring of ice
 H - an amulet of magic regeneration (around neck)
Scrolls
 b - 5 scrolls of teleportation
 k - a scroll of immolation
 p - 2 scrolls of remove curse
 q - a scroll of fear
 x - 2 scrolls of fog
 F - a scroll of enchant armour {unknown}
 I - a scroll of acquirement {unknown}
Potions
 e - 3 potions of invisibility {unknown}
 g - 5 potions of heal wounds
 h - 4 potions of flight
 i - 3 potions of might
 j - a potion of ambrosia {unknown}
 l - a potion of haste
 m - a potion of agility {unknown}
 o - 2 potions of curing
 t - a potion of lignification
 v - a potion of resistance {unknown}
 z - a potion of degeneration {unknown}
 A - a potion of brilliance {unknown}
Comestibles
 c - 4 rations
 G - 6 chunks of flesh


   Skills:
 + Level 7.1 Dodging
 - Level 1.7 Stealth
 - Level 4.0 Shields
 - Level 4.0 Spellcasting
 - Level 6.1 Conjurations
 - Level 5.2 Summonings
   Level 1.0 Translocations
 + Level 4.0 Fire Magic
 + Level 4.0 Poison Magic


You had 7 spell levels left.
You knew the following spells:

 Your Spells              Type           Power        Failure   Level  Hunger
a - Magic Dart            Conj           ####         1%          1    None
b - Call Imp              Summ           ###.....     2%          2    ##.....
c - Mephitic Cloud        Conj/Pois/Air  ###.....     11%         3    ###....
d - Conjure Flame         Conj/Fire      ###.....     4%          3    ###....

Your spell library contained the following spells:

 Spells                   Type           Power        Failure   Level  Hunger
 Blink                    Tloc           N/A          14%         2    ##.....
 Slow                     Hex            #.......     21%         2    ##.....


Dungeon Overview and Level Annotations

Branches:
Dungeon (7/15)             Temple (0/1) D:5           Sewer (visited)
 Bailey (1/1)

Altars:
Ashenzari
Hepliaklqana
Nemelex Xobeh
Trog
Xom

Annotations:
D:3 1 runed translucent door, Lanoc's ghost, amateur MiAr


Innate Abilities, Weirdness & Mutations

You can walk through water.
Your dull iron-grey scales are very hard. (AC +12)
You cannot fit into any form of body armour.
You can survive without breathing.
You are cold-blooded and may be slowed by cold attacks.
Your life essence is reduced to manifest your ancestor. (-10% HP)


Message History

The orc knight appears confused.
You hit the orc knight.
The orc knight is heavily wounded.
The orc knight seems to regain its courage.
The orc knight no longer looks unusually strong.
The orc knight is engulfed in noxious fumes.
The orc knight appears confused.
The orc knight hits the orc knight with a +0 halberd!!
The orc knight hits itself with a +0 halberd!
The orc knight hits the orc knight with a +0 trident!!
The orc knight is killed!
Your Dodging skill increases to level 7!
Your Fire Magic skill increases to level 4!
Your Poison Magic skill increases to level 4!
Vojtech barely misses the orc knight.
You strike the helpless orc knight from behind!
You hit the orc knight but do no damage.
The orc knight is almost dead.
The orc knight hits you with a +0 trident!
You die...

#######
##.°∩..##
#°°°o...#
#°°°R@.∩#
#.°°))..#
#.)5)o..#
#..)))..#
#..)....#
#.......#
#.......#
#...))..#
#....)..#


You could see the friendly Vojtech the ancestor, 2 orc knights and a friendly
crimson imp.

Vanquished Creatures
  An orc knight (Bailey)
  6 orc warriors
  An ice beast (D:5)
  A phantom (D:5)
  An ogre (D:7)
  2 centaurs (D:5)
  A scorpion (D:7)
  A crimson imp (D:5)
  A hound (D:7)
  2 orc priests
  3 orc wizards
  An iguana (D:4)
  2 worker ants (D:4)
  2 hound skeletons
  3 ancestors
  4 adders
  A shadow imp (D:5)
  An ooze (D:5)
  2 adder skeletons
  A worm (D:3)
  5 leopard geckos
  26 orcs
  11 bats
  4 giant cockroaches
  5 goblins (D:2)
  4 hobgoblins
  A jackal (Sewer)
  3 quokkas
  2 ball pythons
  A frilled lizard (D:2)
  6 kobolds
  13 rats
118 creatures vanquished.

Vanquished Creatures (collateral kills)
  An orc knight (Bailey)
  Prince Ribbit (D:6)
  A hornet (D:7)
  5 orc warriors (Bailey)
  A sky beast (D:5)
  4 ogres
  A big kobold (Sewer)
  A bullfrog (D:6)
  A water moccasin skeleton (D:7)
  A howler monkey (D:5)
  A crimson imp (D:5)
  A hound (D:4)
  An orc priest (D:4)
  A jelly (D:5)
  An orc wizard (D:5)
  A worker ant (D:4)
  A river rat (Sewer)
  11 orcs
  A hobgoblin (D:2)
  A jackal (Sewer)
  2 kobolds (Sewer)
39 creatures vanquished.

Vanquished Creatures (others)
  2 ancestors
2 creatures vanquished.

Grand Total: 159 creatures vanquished

Notes
Turn   | Place    | Note
-------+----------+-------------------------------------------
     0 | D:1      | Mesmaeker13 the Draconian Wizard began the quest for the
                  | Orb.
     0 | D:1      | Reached XP level 1. HP: 14/14 MP: 4/4
   480 | D:1      | Reached skill level 2 in Dodging
   612 | D:1      | Reached XP level 2. HP: 20/20 MP: 0/6
  1277 | D:2      | Learned a level 2 spell: Call Imp
  1838 | D:2      | Found a shattered altar of Ashenzari.
  2024 | D:2      | Reached XP level 3. HP: 26/26 MP: 4/7
  2946 | D:3      | Found a faded altar of an unknown god.
  3323 | D:3      | Found a bloodstained altar of Trog.
  3414 | D:3      | Reached XP level 4. HP: 33/33 MP: 2/9
  3702 | D:3      | Found a runed translucent door.
  3734 | D:3      | Noticed Lanoc's ghost (amateur MiAr)
  4213 | D:4      | Found a sparkling altar of Nemelex Xobeh.
  4301 | D:4      | Reached skill level 3 in Dodging
  4325 | D:4      | Reached XP level 5. HP: 33/38 MP: 1/10
  4730 | D:4      | Found a hazy altar of Hepliaklqana.
  4731 | D:4      | Found a shimmering altar of Xom.
  4731 | D:4      | Noticed a wyvern
  4732 | D:4      | Noticed a spectral ugly thing
  4732 | D:4      | Noticed a wyvern
  4938 | D:4      | Found a glowing drain.
  4947 | Sewer    | Entered a sewer
  5296 | Sewer    | Reached XP level 6. HP: 20/45 MP: 5/12
  5645 | Sewer    | Found a white marble altar of Elyvilon.
  5829 | D:5      | Entered Level 5 of the Dungeon
  5911 | D:5      | Noticed an ice beast
  5941 | D:5      | Killed an ice beast
  6031 | D:5      | Learned a level 3 spell: Mephitic Cloud
  6137 | D:5      | Reached skill level 4 in Dodging
  6227 | D:5      | Your scales start taking on a dull iron-grey colour.
  6227 | D:5      | Reached XP level 7. HP: 30/50 MP: 7/13
  6227 | D:5      | Gained mutation: You can survive without breathing. [Grey
                  | Draconian growth]
  6402 | D:5      | Found a staircase to the Ecumenical Temple.
  6592 | D:5      | Reached skill level 1 in Shields
  7359 | D:4      | Became a worshipper of Hepliaklqana the Forgotten
  7675 | D:6      | Noticed Prince Ribbit
  7685 | D:6      | Killed Prince Ribbit
  7685 | D:6      | Reached skill level 5 in Dodging
  7685 | D:6      | Reached skill level 5 in Conjurations
  7685 | D:6      | Reached XP level 8. HP: 30/51 MP: 12/14
  8277 | D:6      | Reached * piety under Hepliaklqana
  8299 | D:6      | Found a sparkling altar of Nemelex Xobeh.
  8892 | D:7      | Reached skill level 5 in Summonings
  8952 | D:7      | Noticed a hornet
  8957 | D:7      | Killed a hornet
  8963 | D:7      | Learned a level 3 spell: Conjure Flame
  8986 | D:7      | Found a flagged portal.
  8999 | D:7      | Reached skill level 6 in Dodging
  8999 | D:7      | Reached skill level 1 in Poison Magic
  9061 | Bailey   | Entered a bailey
  9255 | Bailey   | Reached skill level 1 in Fire Magic
  9255 | Bailey   | Reached XP level 9. HP: 45/55 MP: 9/15
 10002 | Bailey   | Noticed an orc knight
 10043 | Bailey   | Killed an orc knight
 10046 | Bailey   | Noticed an orc knight
 10057 | Bailey   | Noticed an orc knight
 10073 | Bailey   | Noticed an orc knight
 10116 | Bailey   | Killed an orc knight
 10116 | Bailey   | Reached skill level 7 in Dodging
 10117 | Bailey   | Slain by an orc knight

Levels and vault maps discovered:
D:1:      dpeg_arrival_snail, layout_basic
D:2:      minmay_chambers_of_ones, layout_rooms, evilmike_ruin_ashenzari
D:3:      layout_loops_ring, hellmonk_ghost_happy_afterlife,
          chequers_ecumenical_altar_simple_redux, roderic_roman_lattice,
          minmay_misc_feat_alley, trog_three_pillars_becter
D:4:      layout_cave_pools, regret_index_temple_of_mockery,
          nemelex_xobeh_ov_fountains_minmay, serial_rivers,
          chequers_serial_rivers_room_b, chequers_serial_rivers_micro_c,
          chequers_serial_rivers_room_a, chequers_serial_rivers_micro_b,
          chequers_serial_rivers_micro_b, portal_sewer_entry_d,
          roderic_serpentine_path
D:5:      layout_cave_pods, minmay_temple_entry_mist, first_ration,
          eino_tiny_chamber, hangedman_decor_riveting, lemuel_flame_loot_1
D:6:      layout_layer_cave, nemelex_lonely_heart_becter, uniq_prince_ribbit1
D:7:      layout_basic, marbit_many_paths, enter_bailey_6
Bailey:   bailey_polearm_5, bailey

Skill      XL: |  1  2  3  4  5  6  7  8  9 |
---------------+----------------------------+-----
Dodging        | 2 3 4 5 6 7 |  7.1
Conjurations   | 2 3 4 5 6 |  6.1
Spellcasting   | 4 |  4.0
Summonings     | 3 4 5 |  5.2
Shields        | 2 4 |  4.0
Poison Magic   | 1 4 |  4.0
Fire Magic     | 1 4 |  4.0
Stealth        | |  1.7
Translocations | |  1.0

Action                   |  1- 3 |  4- 6 |  7- 9 || total
-------------------------+-------+-------+-------++-------
Melee: Dagger            |    45 |    47 |       ||    92
       Tailslap          |     5 |     8 |     9 ||    22
       Spear             |       |    77 |       ||    77
       Long sword        |       |    26 |   137 ||   163
Throw: Dart              |       |       |     4 ||     4
 Cast: Magic Dart        |   100 |    55 |    14 ||   169
       Call Imp          |     3 |    23 |    33 ||    59
       Mephitic Cloud    |       |       |    24 ||    24
Evoke: Wand              |       |       |    11 ||    11
  Use: Scroll            |     4 |     2 |     4 ||    10
       Potion            |       |     3 |     6 ||     9
 Stab: Sleeping          |       |     2 |     1 ||     3
       Distracted        |       |       |     1 ||     1
       Confused          |       |       |     8 ||     8
  Eat: Chunk             |     8 |     9 |     5 ||    22
       Ration            |       |       |     3 ||     3
Armor: Skin              |    31 |    59 |    62 ||   152
Dodge: Dodged            |    59 |    92 |   105 ||   256
Block: Buckler           |       |    28 |    41 ||    69
       Rpst.: Long sword |       |     5 |    30 ||    35
